 Dungeon Crawl Stone Soup version 0.30.0-10-gfe55d96785 (webtiles) character file.

Game seed: 14687198402040361048

6253 Sobieck the Placeless Spriggan (level 10, -6/46 HPs)
             Began as a Spriggan Conjurer on May 14, 2023.
             Was a Priest of Sif Muna.
             Mangled by a centaur warrior (11 damage)
             ... on level 9 of the Dungeon.
             The game lasted 00:35:43 (12810 turns).

Sobieck the Placeless Spriggan (Spriggan Conjurer) Turns: 12810, Time: 00:35:43

Health: -6/46      AC:  3    Str:  3    XL:     10   Next: 62%
Magic:  9/25       EV: 18    Int: 24    God:    Sif Muna [***...]
Gold:   103        SH:  0    Dex: 14    Spells: 15/29 levels left

rFire   . . .        T - +2 short sword (venom) {short}
rCold   . . .        (no shield)
rNeg    . . .        a - +0 robe
rPois   .            (helmet restricted)
rElec   .            x - +0 cloak
rCorr   .            (gloves unavailable)
SInv    +            (boots unavailable)
Will    +....        m - amulet of magic regeneration {@e2}
Stlth   +++          (no ring)
HPRegen 0.27/turn    (no ring)
MPRegen 0.59/turn

%: no passive effects
@: very quick
A: very small, no large weapons, unfitting armour, see invisible, speed 3
a: Renounce Religion, Channel Magic, Forget Spell


You were on level 9 of the Dungeon.
You worshipped Sif Muna.
Sif Muna was most pleased with you.
You visited 2 branches of the dungeon, and saw 10 of its levels.
You also visited: Bailey.

You collected 313 gold pieces.
You spent 210 gold pieces at shops.


Innate Abilities, Weirdness & Mutations

You are very small and have problems with some larger weapons.
You are too small for most types of armour.
You have supernaturally acute eyesight. (SInv)
You cover ground extremely quickly. (Speed+++)


   Skills:
 + Level 1.5 Fighting
 + Level 3.8 Dodging
 + Level 4.6 Stealth
 - Level 10.0 Spellcasting
 - Level 4.0 Conjurations
 + Level 11.7 Hexes
 - Level 12.0 Translocations


You had 15 spell levels left.
You knew the following spells:

 Your Spells              Type           Power      Damage    Failure   Level
a - Magic Dart            Conj           100%       1d8       1%          1
b - Searing Ray           Conj           62%        2d6       1%          2
c - Fulminant Prism       Conj/Hex       24%        3d12      1%          4
d - Iskenderun's Mystic   Conj/Tloc      50%        2d11      1%          4
e - Dazzling Flash        Conj/Hex       98%        N/A       1%          3

Your spell library contained the following spells:

 Spells                   Type           Power      Damage    Failure   Level
 Static Discharge         Conj/Air       42%        2-4/arc   3%          2
 Leda's Liquefaction      Hex/Erth       20%        N/A       4%          4
 Airstrike                Air            6%         2d(1-17)  45%         4
 Summon Lightning Spire   Summ/Air       12%        N/A       45%         4
 Lee's Rapid Deconstruct  Erth           6%         3d6*      82%         5
 Statue Form              Tmut/Erth      8%         N/A       100%        6

Inventory:

Hand Weapons
 d - a +0 club {mace}
   (You took it off a goblin on level 1 of the Dungeon)
 e - a +0 club {mace}
   (You took it off a goblin on level 1 of the Dungeon)
 f - a +0 club {mace}
   (You found it on level 1 of the Dungeon)
 h - a +0 quarterstaff {staff}
   (You found it on level 1 of the Dungeon)
 j - a +0 dagger {short}
   (You found it on level 1 of the Dungeon)
 l - a +2 mace of protection {mace}
   (You found it on level 1 of the Dungeon)
 w - a +4 quarterstaff of chaos {staff}
   (You took it off Crazy Yiuf on level 2 of the Dungeon)
 T - a +2 short sword of venom (weapon) {short}
   (You took it off an orc warrior on level 8 of the Dungeon)
Missiles
 B - 23 poisoned darts {throwing}
 R - 10 boomerangs {throwing}
Armour
 a - a +0 robe (worn)
 c - a +0 robe
   (You found it on level 1 of the Dungeon)
 k - a +0 robe
   (You took it off an orc wizard on level 5 of the Dungeon)
 n - a +0 robe
   (You found it on level 4 of the Dungeon)
 o - a +0 robe
   (You took it off Sigmund on level 4 of the Dungeon)
 x - a +0 cloak (worn)
   (You took it off Crazy Yiuf on level 2 of the Dungeon)
 z - a +0 robe
   (You took it off a wight on level 9 of the Dungeon)
 D - a +0 robe
   (You found it on level 5 of the Dungeon)
 E - a +0 robe
   (You found it on level 5 of the Dungeon)
 F - a +0 robe
   (You found it on level 5 of the Dungeon)
 J - a +0 robe
   (You took it off a wight on level 9 of the Dungeon)
 L - a +0 robe
   (You took it off an orc wizard on level 6 of the Dungeon)
 M - a +0 robe
   (You took it off an orc wizard on level 6 of the Dungeon)
 N - a +0 robe
   (You took it off an orc wizard on level 6 of the Dungeon)
 S - +0 steam dragon scales
   (You found it on level 7 of the Dungeon)
 Y - a +0 robe
   (You took it off a wight on level 9 of the Dungeon)
 Z - a +0 robe
   (You took it off a wight on level 9 of the Dungeon)
Jewellery
 m - an amulet of magic regeneration (around neck) {@e2}
   (You found it on level 9 of the Dungeon)
 t - an amulet of guardian spirit
   (You found it on level 2 of the Dungeon)
 G - an amulet of reflection
   (You found it on level 5 of the Dungeon)
Wands
 y - a wand of flame (13)
   (You took it off Crazy Yiuf on level 2 of the Dungeon)
Scrolls
 p - a scroll of fear
 r - 8 scrolls of teleportation {@r4}
 C - a scroll of amnesia
 H - 3 scrolls of magic mapping {!r}
 K - 2 scrolls of blinking {!r}
 P - 2 scrolls of poison {!r}
 Q - a scroll of brand weapon {unknown}
 U - a scroll of fog
 X - a scroll of torment {!r}
Potions
 b - 2 potions of magic
 g - 2 potions of mutation {!q}
 i - a potion of berserk rage {!q}
 q - 4 potions of heal wounds {@q2}
 s - a potion of ambrosia
 u - 2 potions of brilliance
 v - 3 potions of lignification {!q}
 A - 3 potions of cancellation
 I - 2 potions of flight
 O - a potion of haste {@q3}
 V - a potion of curing {@q1}
 W - a potion of attraction {!q}

Dungeon Overview and Level Annotations

Branches:
Dungeon (9/15) Zot: 25938  Temple (1/1) D:4 Zot: 5936  Bailey (visited)
   Lair: D:8-11         Orc: D:9-12

Altars:
Ashenzari
Dithmenos
Elyvilon
Fedhas
Kikubaaqudgha
Makhleb
Okawaru
Qazlal
Sif Muna
Trog
Uskayaw
Vehumet
Wu Jian
The Shining One

Shops:
D:3 (   D:6 *   D:8 [[!(

Annotations:
D:7 1 runed translucent door, TheFallenCrow's ghost, novice DsGl

#[ #. #. ######## #.
######.[....###
#.#####....c.........
#####.#.....####@.....##
..........#.# #......#
##..##.##.[.# #.[)...#
##...##..# #......#
#.###.#..# #<.)...#
#.#.....#.## #..)...#
#.#.###.#.# ###.####
#.##...##.# #.#
#..##.##..# #.#


You could see a centaur warrior (blind).


Message History

Your pack is full.
Things that are here:
a +0 robe; a +3 spear {polearm} Could not pick up a +0 robe here; ([A]lways) ignore it?
Autopickup disabled for robes.
A centaur warrior is nearby!
Danger!
Casting: Fulminant Prism (dangerous; 1% risk of failure)
Confirm with . or Enter, or press ? or * to list all spells.
Aiming: Fulminant Prism (dangerous; 1% risk of failure)
Press: ? - help, Dir - move target You conjure a prism of explosive energy!
The centaur warrior shouts!
A fulminant prism comes into view.
The centaur warrior unwields a +0 shortbow.
The centaur warrior hits your fulminant prism!
The centaur warrior kicks your fulminant prism.
Unknown command.
Casting: Fulminant Prism (dangerous; 1% risk of failure)
Confirm with . or Enter, or press ? or * to list all spells.
Aiming: Fulminant Prism (dangerous; 1% risk of failure)
Press: ? - help, Dir - move target You conjure a prism of explosive energy!
A fulminant prism comes into view.
The centaur warrior wields a +0 shortbow.
The centaur warrior shoots an arrow.
The arrow completely misses you.
Unknown command.
Casting: Fulminant Prism (dangerous; 1% risk of failure)
Confirm with . or Enter, or press ? or * to list all spells.
Aiming: Fulminant Prism (dangerous; 1% risk of failure)
Press: ? - help, Dir - move target You conjure a prism of explosive energy!
A fulminant prism comes into view.
The centaur warrior shoots an arrow.
The arrow hits your fulminant prism!
The centaur warrior shoots an arrow.
The arrow hits you!
Your fulminant prism crackles loudly.
Unknown command.
The centaur warrior shoots an arrow.
The arrow hits you!!
Ouch! That really hurt!
* * * LOW HITPOINT WARNING * * *
Unknown command.
The blast of energy engulfs the centaur warrior!!
There is a stone staircase leading up, spattered with blood here.
You climb upwards.
There is a stone staircase leading down here.
Unknown command.
Unknown command.
You start resting.
You start resting.
Unknown command.
You climb downwards.
There is a stone staircase leading up, spattered with blood here.
Unknown command.
Unknown command.
Unknown command.
Danger!
The centaur warrior shoots an arrow.
The arrow hits you!
The centaur warrior unwields a +0 shortbow.
The centaur warrior misses you. The centaur warrior kicks you.
Unknown command.
Casting: Fulminant Prism (dangerous; 1% risk of failure)
Confirm with . or Enter, or press ? or * to list all spells.
You erupt in a blast of force!
The mystic blast hits the centaur warrior!
The centaur warrior completely misses you.
The centaur warrior kicks you.
Unknown command.
Casting: Iskenderun's Mystic Blast (dangerous; 1% risk of failure)
Confirm with . or Enter, or press ? or * to list all spells.
You erupt in a blast of force!
The mystic blast hits the centaur warrior!
The centaur warrior hits you. The centaur warrior closely misses you.
The centaur warrior hits you!
* * * LOW HITPOINT WARNING * * *
The centaur warrior kicks you.
* * * LOW HITPOINT WARNING * * *
Casting: Iskenderun's Mystic Blast (dangerous; 1% risk of failure)
Confirm with . or Enter, or press ? or * to list all spells.
Casting: Dazzling Flash (safe; 1% risk of failure)
Press: ? - help, Dir - look around, f - activate The centaur warrior is dazzled.
The centaur warrior hits you!
* * * LOW HITPOINT WARNING * * *
The centaur warrior completely misses you.
Casting: Dazzling Flash (safe; 1% risk of failure)
Confirm with . or Enter, or press ? or * to list all spells.
You erupt in a blast of force!
The mystic blast hits the centaur warrior.
The centaur warrior is knocked back by the mystic blast.
The centaur warrior slams into the rock wall!
The centaur warrior completely misses you.
The centaur warrior kicks you.
* * * LOW HITPOINT WARNING * * *
Unknown command.
Casting: Iskenderun's Mystic Blast (dangerous; 1% risk of failure)
Confirm with . or Enter, or press ? or * to list all spells.
You erupt in a blast of force!
The mystic blast hits the centaur warrior!
The centaur warrior is knocked back by the mystic blast.
The centaur warrior slams into the rock wall!
The centaur warrior hits you!
You die...

Skill      XL: |  1  2  3  4  5  6  7  8  9 10 |
---------------+-------------------------------+-----
Conjurations   | 3 4 |  4.0
Dodging        | 3 |  3.8
Spellcasting   | 3 4 5 6 7 10 | 10.0
Fighting       | 1 |  1.5
Stealth        | 4 |  4.6
Hexes          | 1 3 4 7 10 11 | 11.7
Translocations | 3 9 12 | 12.0

Action                     |  1- 3 |  4- 6 |  7- 9 | 10-12 || total
---------------------------+-------+-------+-------+-------++-------
  Melee: Dagger            |       |     1 |     1 |       ||     2
   Cast: Magic Dart        |    79 |    94 |    77 |     1 ||   251
         Searing Ray       |     8 |    16 |    19 |       ||    43
         Fulminant Prism   |       |       |    78 |    33 ||   111
         Iskenderun's Myst |       |       |     4 |    14 ||    18
         Dazzling Flash    |       |       |     1 |     2 ||     3
    Use: Scroll            |       |    12 |     2 |     4 ||    18
   Stab: Sleeping          |       |       |     1 |       ||     1
 Armour: Robe              |       |       |     5 |       ||     5
  Dodge: Dodged            |     8 |     9 |    38 |    10 ||    65
  Block: Other             |       |       |    12 |     4 ||    16
         Reflection        |       |       |     5 |     4 ||     9

Levels and vault maps discovered:
D:1:      evilmike_arrival_crescent, layout_loops_cross, minmay_tromino_v4_c
D:2:      layout_basic, ebering_ecumenical_altar_rust, uniq_crazy_yiuf_cottage
D:3:      layout_basic, serial_shops, nicolae_shop_hallway_stairs,
          grunt_ministairs_14, chequers_serial_rivers_large_b
D:4:      layout_loops_ring, mainiacjoe_overflow_small_starburst, temple_pool_b,
          minmay_misc_feat_rugged, feat_on_display, uniq_menkaure, uniq_sigmund
D:5:      layout_loops_ring
D:6:      layout_gridville, nicolae_shop_sticking_my_neck_out
D:7:      layout_basic, mainiacjoe_overflow_brackets,
          hellmonk_ghost_happy_afterlife, enter_bailey_5,
          kennysheep_generic_room_3
D:8:      layout_gridville, nicolae_qazlal_style_of_elements,
          grunt_dithmenos_smoke_and_mirrors, serial_shops, shop_fountains,
          nicolae_shop_waterfront, shop, shop
D:9:      layout_roguey, gammafunk_temple_overflow_statue, minmay_checkerbox,
          uniq_harold
Temple:   nicolae_temple_superstar

Notes
Turn   | Place    | Note
-------+----------+-------------------------------------------
     0 | D:1      | Sobieck the Spriggan Conjurer began the quest for the Orb.
     0 | D:1      | Reached XP level 1. HP: 9/9 MP: 5/5
    33 | D:1      | Reached skill level 3 in Conjurations
   334 | D:1      | Reached XP level 2. HP: 14/14 MP: 3/6
   360 | D:1      | Reached skill level 3 in Dodging
   592 | D:1      | Reached skill level 3 in Spellcasting
   706 | D:1      | Learned a level 2 spell: Searing Ray
  1362 | D:2      | Reached XP level 3. HP: 17/17 MP: 2/8
  1682 | D:2      | Reached skill level 1 in Fighting
  1897 | D:2      | Reached skill level 4 in Stealth
  1988 | D:2      | Reached XP level 4. HP: 22/22 MP: 2/10
  2005 | D:1      | Learned a level 4 spell: Fulminant Prism
  2411 | D:2      | Found a faded altar of an unknown god.
  2849 | D:2      | Found a runed translucent door.
  2850 | D:2      | Noticed Crazy Yiuf
  2907 | D:2      | Killed Crazy Yiuf
  2908 | D:2      | Reached skill level 1 in Hexes
  3512 | D:3      | Found Woir's Weapon Shop.
  3608 | D:3      | Reached XP level 5. HP: 25/25 MP: 9/11
  3708 | D:3      | Learned a level 4 spell: Iskenderun's Mystic Blast
  3928 | D:4      | Noticed Menkaure
  4052 | D:4      | Killed Menkaure
  4053 | D:4      | Reached skill level 4 in Spellcasting
  4053 | D:4      | Reached skill level 3 in Hexes
  4053 | D:4      | Reached XP level 6. HP: 18/30 MP: 3/13
  4135 | D:4      | Found a staircase to the Ecumenical Temple.
  4144 | Temple   | Entered the Ecumenical Temple
  4201 | Temple   | Became a worshipper of Sif Muna the Loreminder
  4443 | D:4      | Found an ancient bone altar of Kikubaaqudgha.
  4517 | D:4      | Noticed Sigmund
  4525 | D:4      | Killed Sigmund
  4526 | D:4      | Reached skill level 4 in Hexes
  4905 | D:4      | Reached skill level 5 in Spellcasting
  4905 | D:4      | Reached skill level 4 in Conjurations
  4905 | D:4      | Reached XP level 7. HP: 33/33 MP: 5/15
  5432 | D:5      | Entered Level 5 of the Dungeon
  5441 | D:5      | Reached skill level 5 in Hexes
  5773 | D:5      | Reached skill level 6 in Hexes
  5850 | D:5      | Reached * piety under Sif Muna
  6434 | D:5      | Reached skill level 6 in Spellcasting
  6754 | D:6      | Reached skill level 7 in Hexes
  6754 | D:6      | Reached XP level 8. HP: 37/37 MP: 11/18
  7079 | D:6      | Found Cepisa's Neck Hole.
  7171 | D:6      | Reached skill level 8 in Hexes
  7387 | D:6      | Reached skill level 7 in Spellcasting
  7475 | D:6      | Learned a level 3 spell: Dazzling Flash
  7643 | D:6      | Reached skill level 9 in Hexes
  7907 | D:6      | Reached skill level 10 in Hexes
  8002 | D:6      | Reached ** piety under Sif Muna
  8003 | D:6      | Reached skill level 1 in Translocations
  8102 | D:6      | Reached skill level 2 in Translocations
  8282 | D:7      | Found a runed translucent door.
  8282 | D:7      | Noticed TheFallenCrow's ghost (novice DsGl)
  8318 | D:7      | Reached skill level 3 in Translocations
  8451 | D:7      | Reached XP level 9. HP: 41/41 MP: 5/21
  8672 | D:7      | Found a burning altar of Makhleb.
  8693 | D:7      | Reached skill level 4 in Translocations
  8815 | D:7      | You pick up a book of Storms and begin reading...
  8815 | D:7      | You add the spells Static Discharge, Airstrike and Summon
                  | Lightning Spire to your library.
  8860 | D:7      | Found a flagged portal.
  8867 | Bailey   | Entered a bailey
  8894 | Bailey   | Reached skill level 8 in Spellcasting
  9160 | D:7      | Reached skill level 5 in Translocations
  9348 | D:7      | Reached skill level 6 in Translocations
  9599 | D:7      | Reached skill level 9 in Spellcasting
  9675 | D:7      | You pick up a book of the Earth and begin reading...
  9675 | D:7      | You add the spells Leda's Liquefaction, Lee's Rapid
                  | Deconstruction and Statue Form to your library.
 10028 | D:8      | Reached skill level 7 in Translocations
 10249 | D:8      | Reached skill level 8 in Translocations
 10253 | D:8      | Reached skill level 10 in Spellcasting
 10265 | D:8      | Reached skill level 9 in Translocations
 10784 | D:8      | Reached XP level 10. HP: 46/46 MP: 20/25
 10856 | D:8      | Reached skill level 10 in Translocations
 10914 | D:8      | Found Foowiok's Distillery.
 10922 | D:8      | Bought a potion of curing for 42 gold pieces
 10922 | D:8      | Bought a potion of flight for 42 gold pieces
 10922 | D:8      | Bought a potion of attraction for 42 gold pieces
 10922 | D:8      | Bought 2 potions of lignification for 84 gold pieces
 10933 | D:8      | Found Fielin's Antique Weapon Boutique.
 11185 | D:8      | Found a stormy altar of Qazlal.
 11300 | D:8      | Reached skill level 11 in Translocations
 11374 | D:8      | Found Moero's Antique Armour Shoppe.
 11410 | D:8      | Found a shadowy altar of Dithmenos.
 11428 | D:8      | Found Edghiag's Armour Shoppe.
 11895 | D:9      | Noticed a centaur warrior
 12018 | D:9      | Noticed Harold
 12028 | D:9      | Killed Harold
 12029 | D:9      | Reached skill level 12 in Translocations
 12177 | D:9      | Reached *** piety under Sif Muna
 12277 | D:9      | Reached skill level 11 in Hexes
 12286 | D:9      | Noticed a cyclops
 12401 | D:9      | Killed a cyclops
 12654 | D:9      | HP: 8/46 [centaur warrior/arrow (23)]
 12808 | D:9      | HP: 6/46 [centaur warrior (9)]
 12810 | D:9      | Mangled by a centaur warrior

Vanquished Creatures
  Harold (D:9)
  A cyclops (D:9)
  A hornet (D:8)
  Sigmund (D:4)
  A shadow (D:9)
  5 yaks (D:8)
  2 wyverns (D:8)
  A steam dragon (D:7)
  Menkaure (D:4)
  3 water moccasins
  A sky beast (D:6)
  A black bear (D:7)
  2 orc warriors
  2 ice beasts
  4 centaurs
  An ogre (D:7)
  4 kobold brigands
  A bullfrog (D:7)
  5 scorpions
  9 wights (D:9)
  6 killer bees
  2 howler monkeys
  5 hounds
  A jelly (D:4)
  Crazy Yiuf (D:2)
  5 orc priests
  2 iguanas (D:6)
  3 sleepcaps
  4 orc wizards
  10 adders
  3 gnolls (D:2)
  An ufetubus (D:5)
  2 worms
  2 dart slugs
  14 orcs
  4 ball pythons
  5 bats
  9 endoplasms
  8 giant cockroaches
  11 goblins
  10 hobgoblins
  4 jackals (D:2)
  8 quokkas
  4 frilled lizards
  17 kobolds
  6 rats
194 creatures vanquished.

Vanquished Creatures (others)
  111 fulminant prisms
111 creatures vanquished.

Grand Total: 305 creatures vanquished

Table legend:
 A = Non-vault XP
 B = Vault XP
 C = Vault XP percentage of total XP
 D = Non-vault monster count
 E = Vault monster count
 F = Vault count percentage of total count
                 A         B        C        D         E       F
            +---------+---------+-------+---------+---------+-------
      Total |    6626 |    2308 |  25.8 |     169 |      25 |  12.9
            +---------+---------+-------+---------+---------+-------
        D:1 |      23 |       4 |  14.8 |      14 |       2 |  12.5
        D:2 |     117 |      41 |  25.9 |      31 |       1 |   3.1
        D:3 |      45 |       4 |   8.2 |       8 |       2 |  20.0
        D:4 |     144 |     400 |  73.5 |      26 |       2 |   7.1
        D:5 |     548 |       0 |   0.0 |      18 |       0 |   0.0
        D:6 |    1263 |       0 |   0.0 |      27 |       0 |   0.0
        D:7 |    1222 |       7 |   0.6 |      15 |       4 |  21.1
        D:8 |    2314 |       0 |   0.0 |      20 |       0 |   0.0
        D:9 |     950 |    1615 |  63.0 |      10 |       4 |  28.6
     Bailey |       0 |     237 | 100.0 |       0 |      10 | 100.0
            +---------+---------+-------+---------+---------+-------

Skill      XL: |  1  2  3  4  5  6  7  8  9 10 |
---------------+-------------------------------+-----
Conjurations   | 3 4 |  4.0
Dodging        | 3 |  3.8
Spellcasting   | 3 4 5 6 7 10 | 10.0
Fighting       | 1 |  1.5
Stealth        | 4 |  4.6
Hexes          | 1 3 4 7 10 11 | 11.7
Translocations | 3 9 12 | 12.0

Action                     |  1- 3 |  4- 6 |  7- 9 | 10-12 || total
---------------------------+-------+-------+-------+-------++-------
  Melee: Dagger            |       |     1 |     1 |       ||     2
   Cast: Magic Dart        |    79 |    94 |    77 |     1 ||   251
         Searing Ray       |     8 |    16 |    19 |       ||    43
         Fulminant Prism   |       |       |    78 |    33 ||   111
         Iskenderun's Myst |       |       |     4 |    14 ||    18
         Dazzling Flash    |       |       |     1 |     2 ||     3
    Use: Scroll            |       |    12 |     2 |     4 ||    18
   Stab: Sleeping          |       |       |     1 |       ||     1
 Armour: Robe              |       |       |     5 |       ||     5
  Dodge: Dodged            |     8 |     9 |    38 |    10 ||    65
  Block: Other             |       |       |    12 |     4 ||    16
         Reflection        |       |       |     5 |     4 ||     9

Illustrated notes

Table legend:
 A = Kills in this place as a percentage of kills in the entire game.
 B = Kills by you in this place as a percentage of kills by you in the entire game.
 C = Kills by friends in this place as a percentage of kills by friends in the entire game.
 D = Other kills in this place as a percentage of other kills in the entire game.
 E = Experience gained in this place as a percentage of experience gained in the entire game.
 F = Experience gained in this place divided by the number of levels of this place that you have seen.
                   A       B       C       D       E      F
               +-------+-------+-------+-------+-------+----------------------
         Total | 100.0 | 100.0 |   N/A |   N/A | 100.0 | 812.2
       Dungeon |  94.8 |  94.8 |   N/A |   N/A |  97.3 | 966.3
        Bailey |   5.2 |   5.2 |   N/A |   N/A |   2.7 | 237.0
               +-------+-------+-------+-------+-------+----------------------

Table legend: (Time is in decaauts)
 A = Elapsed time spent in this place.
 B = Non-inter-level travel time spent in this place.
 C = Inter-level travel time spent in this place.
 D = Time resting spent in this place.
 E = Time spent auto-exploring this place.
 F = Levels seen in this place.
 G = Mean time per level.
                   A        B        C        D        E       F      G
               +--------+--------+--------+--------+--------+-----+--------+
         Total |  10321 |   9982 |    339 |   2925 |   5379 |  11 |  938.3 |
       Dungeon |  10223 |   9909 |    314 |   2922 |   5350 |   9 | 1135.9 |
        Temple |     63 |     39 |     24 |      0 |     28 |   1 |   63.0 |
        Bailey |     35 |     35 |      0 |      3 |      0 |   1 |   35.0 |
               +--------+--------+--------+--------+--------+-----+--------+

Top non-repeatable levels by time:
     D:8: 1497 daAuts
     D:2: 1425 daAuts
     D:6: 1370 daAuts
     D:7: 1358 daAuts
     D:4: 1151 daAuts
     D:1: 1014 daAuts
     D:5: 989 daAuts
     D:3: 790 daAuts
     D:9: 625 daAuts
  Temple: 63 daAuts
  Bailey: 35 daAuts
